 Dungeon Crawl Stone Soup version 0.31-a0-574-g69dc8cc98e (webtiles) character file.

Game seed: 8766388263074268028

4705 HoaS the Skirmisher (level 10, -11/58 HPs)
             Began as a Gargoyle Hunter on Aug 18, 2023.
             Was a Priest of Zin.
             Mangled by a troll (14 damage)
             ... on level 8 of the Dungeon.
             The game lasted 00:25:51 (8871 turns).

HoaS the Skirmisher (Gargoyle Hunter)               Turns: 8871, Time: 00:25:51

Health: -11/58     AC: 14    Str: 15    XL:     10   Next: 45%
Magic:  12/12      EV: 14    Int: 10    God:    Zin [***...]
Gold:   466        SH:  0    Dex: 23    Spells: 9/9 levels left

rFire   . . .        a - +0 shortbow
rCold   . . .        (shield currently unavailable)
rNeg    + . .        c - +0 leather armour
rPois   ∞            n - +1 helmet
rElec   +            j - +1 cloak
rCorr   .            (no gloves)
SInv    .            (no boots)
Will    .....        (no amulet)
Stlth   ++           l - +6 ring of dexterity
HPRegen 0.29/turn    (no ring)
MPRegen 0.13/turn

%: no passive effects
@: no status effects
A: sickness immunity, AC +7, negative energy resistance 1, electricity
resistance, torment resistance 1, petrification resistance
a: Renounce Religion, Recite, Vitalisation, Imprison, Donate Gold


You were on level 8 of the Dungeon.
You worshipped Zin.
Zin was most pleased with you.
You visited 2 branches of the dungeon, and saw 10 of its levels.

You collected 517 gold pieces.
You donated 51 gold pieces to Zin.

Inventory:

Hand Weapons
 a - a +0 shortbow (weapon)
Armour
 c - a +0 leather armour (worn)
 j - a +1 cloak (worn)
 n - a +1 helmet (worn)
Jewellery
 e - a ring of fire
 h - a ring of fire
 l - a +6 ring of dexterity (left hand)
Wands
 g - a wand of paralysis (6)
 s - a wand of flame (1)
Scrolls
 i - a scroll of revelation
Potions
 b - a potion of haste
 d - 2 potions of cancellation
 f - 4 potions of mutation
 k - 2 potions of attraction
 m - 2 potions of enlightenment
 o - 2 potions of curing
 p - a potion of resistance {unknown}
 q - a potion of berserk rage {unknown}
 r - a potion of might {unknown}


   Skills:
 * Level 4.9 Fighting
 - Level 14.0 Ranged Weapons
 * Level 3.7 Dodging
 - Level 1.1 Stealth
 + Level 2.8 Invocations


You had 9 spell levels left.
You didn't know any spells.
Your spell library contained the following spells:

 Spells                   Type           Power      Damage    Failure   Level
 Foxfire                  Conj/Fire      0%         2x1d4     43%         1
 Sandblast                Erth           0%         2d4       43%         1
 Passwall                 Tmut/Erth      0%         N/A       56%         2
 Dazzling Flash           Conj/Hex       0%         N/A       80%         3
 Ozocubu's Armour         Ice            0%         N/A       80%         3
 Stone Arrow              Conj/Erth      0%         3d7       80%         3
 Tukima's Dance           Hex            0%         N/A       80%         3
 Passage of Golubria      Tloc           0%         N/A       99%         4
 Agony                    Necr           0%         N/A       100%        5
 Silence                  Hex/Air        0%         N/A       100%        5
 Yara's Violent Unravell  Hex/Tmut       0%         3d3       100%        5
 Plasma Beam              Fire/Air       0%         2x1d10    100%        6
 Starburst                Conj/Fire      0%         6d3       100%        6
 Ozocubu's Refrigeration  Ice            0%         4d7       100%        7


Dungeon Overview and Level Annotations

Branches:
Dungeon (9/15)             Temple (1/1) D:7
   Lair: D:8-11         Orc: D:9-12

Altars:
Ashenzari
Cheibriados
Dithmenos
Elyvilon
Fedhas
Gozag
Hepliaklqana
Makhleb
Nemelex Xobeh
Okawaru
Qazlal
Sif Muna
Trog
Uskayaw
Vehumet
Xom
Yredelemnul
Zin
The Shining One

Shops:
D:8 :   D:9 *

Annotations:
D:8 3 runed translucent doors, KimchiStew's ghost, novice HuWr


Innate Abilities, Weirdness & Mutations

You are immune to sickness and miasma.
Your stone body is resilient. (AC +7)
You are immune to poison.
You resist negative energy. (rN+)
You are resistant to electric shocks. (rElec)
You are resistant to unholy torment.
You are immune to petrification.


Message History

You are too injured to fight recklessly!
You shoot an arrow. The arrow barely misses the troll.
The bullfrog misses you. The troll barely misses you. The troll claws you.
* * * LOW HITPOINT WARNING * * *
The troll claws you but does no damage. The bullfrog closely misses you.
You shoot an arrow. The arrow barely misses the troll.
The bullfrog barely misses you. The troll closely misses you.
The troll claws you but does no damage. The troll claws you.
* * * LOW HITPOINT WARNING * * *
You shoot an arrow.
The arrow hits the troll but does no damage.
The troll is severely wounded.
The bullfrog misses you.
You shoot an arrow. The arrow hits the troll!
The troll is severely wounded.
The troll bites you but does no damage. The troll claws you but does no damage.
The troll claws you!
* * * LOW HITPOINT WARNING * * *
The bullfrog barely misses you.
You shoot an arrow. The arrow hits the troll!
The troll is almost dead.
The bullfrog closely misses you. The troll bites you but does no damage.
The troll claws you but does no damage. The troll misses you.
You shoot an arrow. The arrow barely misses the troll.
The bullfrog hits you but does no damage.
The troll misses you. The troll barely misses you. The troll misses you.
You shoot an arrow.
The arrow hits the troll but does no damage.
The troll is almost dead.
The bullfrog barely misses you.
You shoot an arrow. The arrow barely misses the troll.
The bullfrog hits you but does no damage.
The troll misses you. The troll closely misses you.
The troll claws you but does no damage.
You shoot an arrow.
The arrow hits the troll but does no damage.
The troll is almost dead.
The bullfrog hits you but does no damage.
The troll bites you!
You die...

#.# ####...........#...+∩
##.########...##...#.........#'
#.....##.#.........#...........
##....#............[[.[........
##..#......<..>.#...#.....##...
###...##...[........###......##..
#..................## #....#.....
#...###..........F..###..........
##...##.........@#..##...........
##.............T##..##...........
#....##......#...................
.....###.........................
......###........................
.......#.........................
.................................
....####..#####..................
..###..####...##..##.............


You could see a troll and a bullfrog.

Vanquished Creatures
  A two-headed ogre (D:9)
  The ghost of Flippered the Chopper, an amateur HOMo of Beogh (D:3)
  A wraith (D:8)
  A wyvern (D:8)
  A steam dragon (D:7)
  A water moccasin (D:7)
  Duvessa (D:4)
  3 orc warriors
  A black bear (D:8)
  2 ice beasts
  2 ogres (D:5)
  5 phantoms
  2 kobold brigands
  Blork the orc (D:4)
  7 bullfrogs
  3 scorpions
  6 wights (D:6)
  Dowan (D:4)
  2 howler monkeys (D:6)
  A crimson imp (D:7)
  5 hounds
  An orc priest (D:7)
  A sleepcap (D:7)
  2 gnoll boudas
  Jessica (D:3)
  2 iguanas
  9 orc wizards
  Robin (D:3)
  10 adders
  9 gnolls
  A shadow imp (D:7)
  A white imp (D:6)
  2 ufetubi
  3 worms
  4 dart slugs
  32 orcs
  A bat (D:3)
  4 endoplasms
  2 giant cockroaches
  9 goblins
  8 hobgoblins
  2 quokkas
  4 ball pythons
  A frilled lizard (D:1)
  11 kobolds
  4 rats
173 creatures vanquished.

Notes
Turn   | Place    | Note
-------+----------+-------------------------------------------
     0 | D:1      | HoaS the Gargoyle Hunter began the quest for the Orb.
     0 | D:1      | Reached XP level 1. HP: 12/12 MP: 1/1
   232 | D:1      | Reached XP level 2. HP: 17/17 MP: 2/2
   662 | D:2      | Reached skill level 5 in Ranged Weapons
   662 | D:2      | Reached XP level 3. HP: 21/21 MP: 3/3
   979 | D:2      | Found an iron altar of Okawaru.
  1141 | D:3      | You fall into a shaft and drop 1 floor!
  1160 | D:4      | Reached XP level 4. HP: 22/26 MP: 4/4
  1242 | D:4      | Reached skill level 6 in Ranged Weapons
  1334 | D:3      | Reached XP level 5. HP: 30/30 MP: 5/5
  1446 | D:3      | Found a runed translucent gate.
  1446 | D:3      | Found a runed translucent gate.
  1447 | D:3      | Found a runed translucent gate.
  1462 | D:3      | Noticed Robin
  1569 | D:3      | Killed Robin
  1838 | D:3      | Noticed Jessica
  1854 | D:3      | Killed Jessica
  1865 | D:3      | Reached skill level 7 in Ranged Weapons
  1870 | D:3      | Reached XP level 6. HP: 22/35 MP: 6/6
  2348 | D:3      | Noticed Flippered's ghost (amateur HOMo)
  2653 | D:4      | Noticed Blork the orc
  2658 | D:4      | Noticed Duvessa
  2916 | D:4      | Noticed Dowan
  2936 | D:4      | Killed Duvessa
  2937 | D:4      | Reached skill level 8 in Ranged Weapons
  2937 | D:4      | Reached XP level 7. HP: 40/40 MP: 7/7
  2939 | D:4      | Killed Dowan
  3007 | D:4      | Killed Blork the orc
  3151 | D:5      | Entered Level 5 of the Dungeon
  3159 | D:4      | Reached skill level 9 in Ranged Weapons
  3204 | D:5      | Found a snail-covered altar of Cheibriados.
  3315 | D:5      | Reached XP level 8. HP: 44/44 MP: 8/8
  3380 | D:5      | Reached skill level 10 in Ranged Weapons
  3759 | D:5      | Found a shimmering altar of Xom.
  3760 | D:5      | Found a hazy altar of Hepliaklqana.
  3761 | D:5      | Noticed a spectral ugly thing
  3837 | D:5      | Found a glowing silver altar of Zin.
  4088 | D:5      | Became a worshipper of Zin the Law-Giver
  4088 | D:5      | Reached * piety under Zin
  4337 | D:6      | Reached ** piety under Zin
  4418 | D:6      | Reached skill level 11 in Ranged Weapons
  4916 | D:6      | Reached XP level 9. HP: 48/48 MP: 9/9
  5197 | D:6      | Reached skill level 12 in Ranged Weapons
  5606 | D:7      | Reached *** piety under Zin
  5833 | D:7      | Found a staircase to the Ecumenical Temple.
  5841 | Temple   | Entered the Ecumenical Temple
  5947 | D:7      | Reached skill level 13 in Ranged Weapons
  6211 | D:7      | Found a burning altar of Makhleb.
  6211 | D:7      | Found a radiant altar of Vehumet.
  6813 | D:8      | Reached skill level 14 in Ranged Weapons
  6928 | D:8      | Reached XP level 10. HP: 54/54 MP: 10/10
  6929 | D:8      | Noticed KimchiStew's ghost (novice HuWr)
  6945 | D:8      | Found a runed translucent gate.
  6946 | D:8      | Found a runed translucent gate.
  6947 | D:8      | Found a runed translucent gate.
  7042 | D:8      | Found Naoq Dao's Book Boutique.
  7112 | D:8      | Reached skill level 1 in Invocations
  7401 | D:9      | Noticed a two-headed ogre
  7401 | D:9      | Found a blossoming altar of Fedhas.
  7414 | D:9      | Killed a two-headed ogre
  7568 | D:9      | Found Potobuen's Assorted Antiques.
  7694 | D:3      | Killed Flippered's ghost
  7808 | D:9      | Noticed a centaur warrior
  7980 | D:9      | Zin protects you from harm!
  8866 | D:8      | HP: 2/58 [troll (8)]
  8871 | D:8      | Mangled by a troll

Illustrated notes

Levels and vault maps discovered:
D:1:      psy_arrival_statuary, layout_rooms, dreamdust_wishing_well
D:2:      layout_loops_ring, basic_altar
D:3:      layout_basic, ebering_ghost_rock_garden, dk_vineyard_2, uniq_jessica,
          uniq_robin
D:4:      layout_basic, uniq_duvessa, uniq_blork_the_orc
D:5:      layout_basic, regret_index_temple_of_mockery,
          mainiacjoe_overflow_tiny_flanked, kennysheep_slug_shrine
D:6:      layout_gridville, minmay_misc_feat_more_columns,
          kennysheep_another_room, sigmund_army
D:7:      layout_basic, grunt_temple_overflow_lords_of_destruction,
          minmay_temple_entry_glassed_door
D:8:      layout_cave_pools, gammafunk_ghost_icy, serial_shops, kennysheep_mini
D:9:      layout_cross, fedhas_altar_1, amcnicky_altar_gilded,
          due_lair_maze_entry_diamond, serial_shops, shop_statue, shop
Temple:   chequers_temple_sunken

Skill      XL: |  1  2  3  4  5  6  7  8  9 10 |
---------------+-------------------------------+-----
Ranged Weapons | 5 6 7 8 9 11 14 | 14.0
Fighting       | 4 |  4.9
Dodging        | 3 |  3.7
Invocations    | 2 |  2.8
Stealth        | |  1.1

Action                     |  1- 3 |  4- 6 |  7- 9 | 10-12 || total
---------------------------+-------+-------+-------+-------++-------
  Melee: Shortbow          |       |       |     5 |     7 ||    12
   Fire: Shortbow          |    81 |   237 |   505 |   141 ||   964
 Invoke: Recite            |       |       |     1 |       ||     1
    Use: Scroll            |     6 |     4 |     4 |       ||    14
         Potion            |       |     3 |     2 |       ||     5
 Armour: Leather armour    |    15 |    59 |    90 |    82 ||   246
  Dodge: Dodged            |    19 |    76 |   131 |    82 ||   308

Table legend: (Time is in decaauts)
 A = Elapsed time spent in this place.
 B = Non-inter-level travel time spent in this place.
 C = Inter-level travel time spent in this place.
 D = Time resting spent in this place.
 E = Time spent auto-exploring this place.
 F = Levels seen in this place.
 G = Mean time per level.
                   A        B        C        D        E       F      G
               +--------+--------+--------+--------+--------+-----+--------+
         Total |   8823 |   8361 |    462 |   2366 |   4488 |  10 |  882.3 |
       Dungeon |   8800 |   8349 |    451 |   2366 |   4488 |   9 |  977.8 |
        Temple |     23 |     12 |     11 |      0 |      0 |   1 |   23.0 |
               +--------+--------+--------+--------+--------+-----+--------+

Top non-repeatable levels by time:
     D:8: 1851 daAuts
     D:7: 1338 daAuts
     D:3: 1311 daAuts
     D:6: 1129 daAuts
     D:5: 1086 daAuts
     D:4: 936 daAuts
     D:2: 692 daAuts
     D:1: 383 daAuts
     D:9: 71 daAuts
  Temple: 23 daAuts
